 Dungeon Crawl Stone Soup version 0.29.1-13-g9f3cf754e1 (webtiles) character file.

Game seed: 12644034199367187266

3736 KittyFluff the Basher (level 10, 0/63 HPs)
             Began as a Gargoyle Berserker on Jan 23, 2023.
             Was a Priest of Trog.
             Slain by a sun demon (18 damage)
             ... led by a balrug
             ... on level 1 of the Abyss.
             The game lasted 00:30:20 (8047 turns).

KittyFluff the Basher (Gargoyle Berserker)          Turns: 8047, Time: 00:30:21

Health: 0/63       AC: 16    Str: 28    XL:     10   Next: 15%
Magic:  10/10      EV: 13    Int:  9    God:    Trog [***...]
Gold:   384        SH:  0    Dex: 11    Spells: 9/9 levels left

rFire   . . .      SeeInvis +   a - +4 mace
rCold   . . .      Faith    .   (no shield)
rNeg    + . .      Spirit   .   g - +5 robe of Night {Dark Will+ SInv}
rPois   ∞          Reflect  .   (no helmet)
rElec   +          Harm     .   q - +0 cloak
rCorr   .          Rampage  .   (no gloves)
Will    +....                   (no boots)
Stlth   ++........              (no amulet)
HPRegen 0.20/turn               p - ring of see invisible
MPRegen 0.12/turn               A - +6 ring of strength

@: no status effects
A: sickness immunity, AC +7, negative energy resistance 1, electricity
resistance, torment resistance 1, petrification resistance
a: Renounce Religion, Berserk, Trog's Hand


You were on level 1 of the Abyss.
You worshipped Trog.
Trog was most pleased with you.
You visited 1 branch of the dungeon, and saw 7 of its levels.
You visited the Abyss 1 time.

You collected 384 gold pieces.

Inventory:

Hand Weapons
 a - a +4 mace (weapon)
 b - a +0 morningstar
 E - a +0 flail
 G - a +0 shortbow
 H - a +0 dire flail of protection
 M - a +0 morningstar
Missiles
 d - 9 boomerangs (quivered)
 e - 41 stones
 r - 7 poisoned darts
Armour
 g - the +5 robe of Night (worn) {Dark Will+ SInv}
   (You found it on level 7 of the Dungeon)

   It shrouds the wearer in darkness, reducing the range at which they can see
   and be seen by others.
   SInv:      It lets you see invisible.
   Will:      It increases your willpower.
 q - a +0 cloak (worn)
 z - a +2 ring mail of willpower
 C - the +2 leather armour of the Worm {rPois Will+ Str-2 Dex+5}
   (You found it on level 4 of the Dungeon)

   Str:       It affects your strength (-2).
   Dex:       It affects your dexterity (+5).
   rPois:     It protects you from poison.
   Will:      It increases your willpower.
 D - the +5 chain mail of the Illusory Ships {Str+2}
   (You found it on level 5 of the Dungeon)

   Str:       It affects your strength (+2).
Jewellery
 p - a ring of see invisible (left hand)
 A - a +6 ring of strength (right hand)
 K - a ring of protection from fire
Wands
 F - a wand of iceblast (2)
 I - a wand of quicksilver (7)
Scrolls
 c - 3 scrolls of magic mapping
 f - a scroll of blinking {unknown}
 h - 3 scrolls of teleportation {unknown}
 k - a scroll of silence {unknown}
 l - 4 scrolls of vulnerability {unknown}
 m - a scroll of amnesia {unknown}
 o - a scroll of immolation {unknown}
 u - 2 scrolls of fear {unknown}
 w - 3 scrolls of butterflies {unknown}
 y - a scroll of enchant weapon
Potions
 i - 3 potions of flight
 j - 3 potions of curing
 n - 3 potions of attraction
 s - 3 potions of might
 v - 2 potions of berserk rage
 x - 2 potions of lignification
 B - 2 potions of magic
 J - a potion of cancellation
 L - 2 potions of heal wounds


   Skills:
 + Level 7.0 Fighting
 + Level 10.5 Maces & Flails
 + Level 0.2 Throwing
 * Level 7.1 Armour
 + Level 4.4 Dodging
 + Level 3.0 Stealth


You had 9 spell levels left.
You didn't know any spells.
Your spell library was empty.

Dungeon Overview and Level Annotations

Branches:
Dungeon (7/15)             Temple (0/1) D:6

Altars:
Makhleb
Qazlal
Vehumet
Yredelemnul
Zin

Shops:
D:6 *

Portals:
Abyss: D:7

Annotations:
D:7 1 transporter, hikkokomori's ghost, novice OpCj


Innate Abilities, Weirdness & Mutations

You are immune to sickness and miasma.
Your stone body is resilient. (AC +7)
You are immune to poison.
You resist negative energy. (rN+)
You are resistant to electric shocks. (rElec)
You are resistant to unholy torment.
You are immune to petrification.


Message History

There is a shaft here.
Hikkokomori's ghost turns its malevolent gaze towards you.
There is a transporter here.
You enter the transporter and appear at another place.
Hikkokomori's ghost adeptly chants a nearly unspeakable incantation.
The purple ugly thing gurgles horribly!
You hear a shout!
An orc warrior comes into view.
It is wielding a +0 hand axe of distortion.
The purple ugly thing closely misses you.
Energy condenses in front of hikkokomori's ghost, but quickly dissipates.
The purple ugly thing bites you!
The purple ugly thing attacks as you move away!
The purple ugly thing bites you.
Hikkokomori's ghost casts a spell at you.
The magic dart hits you but does no damage.
You barely miss the orc warrior. The orc warrior barely misses you.
You barely miss the orc warrior.
The orc warrior hits you but does no damage.
Space warps around you!
You barely miss the orc warrior.
The orc warrior hits you with a +0 hand axe of distortion!
You are cast into the Abyss!
This branch contains the abyssal rune of Zot.
You start removing your armour.
You continue taking off the +2 leather armour of the Worm {rPois Will+ Str-2 Dex+5}. x4
You finish taking off the +2 leather armour of the Worm {rPois Will+ Str-2 Dex+5}.
You start putting on your armour.
You continue putting on the +5 robe of Night {Dark Will+ SInv}. x5
You finish putting on the +5 robe of Night {Dark Will+ SInv}.
The light fades from your surroundings.
A sun demon comes into view.
The sun demon moves out of view.
The sun demon shouts!
You hear a shout! x3
A sun demon comes into view.
The sun demon shouts!
The sun demon attacks as you move away! The sun demon hits you.
You are engulfed in flames!
You barely miss the sun demon. The sun demon hits you!
* * * LOW HITPOINT WARNING * * *
You are engulfed in flames!!
You die...

#...#......##
#. #...
........ .#.#
...##....#..
...#.#.#.#
...... #
#...#..#.
..#3.# #.
#..##..###...#
#.#....#..#.#
## #..3#.#
....
#..#@###.#####
#.. #.# ### .#
..# #... #.##
..


You could see a sun demon.

Vanquished Creatures
  Grinder (D:6)
  4 dream sheep (D:7)
  2 shadows (D:7)
  Edmund (D:6)
  Duvessa (D:6)
  An orc warrior (D:7)
  A black bear (D:5)
  An ice beast (D:6)
  2 sky beasts
  A centaur (D:6)
  2 phantoms
  4 bullfrogs (D:7)
  2 necrophages (D:6)
  5 scorpions
  8 wights
  Dowan (D:6)
  5 jellies
  3 hounds
  Crazy Yiuf (D:2)
  An orc wizard (D:4)
  A gnoll (D:1)
  10 adders
  2 shadow imps
  3 worms
  12 orcs
  2 bats
  3 endoplasms
  4 giant cockroaches
  10 goblins
  7 hobgoblins
  9 jackals
  2 quokkas (D:4)
  6 ball pythons
  2 frilled lizards (D:2)
  4 kobolds
  6 rats
130 creatures vanquished.

Vanquished Creatures (others)
  2 plants (D:4)
2 creatures vanquished.

Grand Total: 132 creatures vanquished

Notes
Turn   | Place    | Note
-------+----------+-------------------------------------------
     0 | D:1      | KittyFluff the Gargoyle Berserker began the quest for the
                  | Orb.
     0 | D:1      | Reached XP level 1. HP: 14/14 MP: 1/1
   117 | D:1      | HP: 1/21 [gnoll/+0 spear (1)]
   120 | D:1      | Reached XP level 2. HP: 2/19 MP: 2/2
   615 | D:1      | Reached XP level 3. HP: 23/23 MP: 3/3
   995 | D:2      | Found a faded altar of an unknown god.
  1578 | D:2      | Reached XP level 4. HP: 17/29 MP: 4/4
  1713 | D:2      | Found a runed translucent door.
  1714 | D:2      | Noticed Crazy Yiuf
  1722 | D:2      | Killed Crazy Yiuf
  1723 | D:2      | Reached skill level 4 in Maces & Flails
  2129 | D:3      | Reached XP level 5. HP: 29/33 MP: 5/5
  2182 | D:3      | Reached ** piety under Trog
  2722 | D:4      | Reached XP level 6. HP: 37/38 MP: 6/6
  2758 | D:4      | Found a basalt altar of Yredelemnul.
  2841 | D:4      | Reached skill level 1 in Stealth
  2901 | D:4      | Identified the +2 leather armour of the Worm {rPois Will+
                  | Str-2 Dex+5}
  2945 | D:4      | Reached skill level 5 in Maces & Flails
  3513 | D:4      | Found a glowing silver altar of Zin.
  3822 | D:4      | Reached *** piety under Trog
  3881 | D:5      | Entered Level 5 of the Dungeon
  3912 | D:5      | Reached XP level 7. HP: 43/43 MP: 7/7
  3933 | D:5      | Identified the +5 chain mail of the Illusory Ships {Str+2}
  4196 | D:5      | Reached skill level 6 in Maces & Flails
  4389 | D:5      | Reached XP level 8. HP: 9/48 MP: 8/8
  5150 | D:6      | Reached skill level 5 in Fighting
  5174 | D:6      | Reached skill level 7 in Maces & Flails
  5174 | D:6      | Reached skill level 5 in Armour
  5360 | D:6      | Found a radiant altar of Vehumet.
  5558 | D:6      | Found Cesugha's Overcharged Wands.
  5615 | D:6      | Noticed Grinder
  5635 | D:6      | Killed Grinder
  5636 | D:6      | Reached skill level 8 in Maces & Flails
  5708 | D:6      | Found a burning altar of Makhleb.
  5915 | D:6      | Found a stormy altar of Qazlal.
  5968 | D:6      | Noticed Duvessa
  5969 | D:6      | Noticed Dowan
  5990 | D:6      | Killed Dowan
  5991 | D:6      | Reached XP level 9. HP: 39/55 MP: 9/9
  5997 | D:6      | Killed Duvessa
  6272 | D:6      | Found a staircase to the Ecumenical Temple.
  6316 | D:6      | Noticed Edmund
  6341 | D:6      | Killed Edmund
  6683 | D:7      | Reached skill level 9 in Maces & Flails
  7197 | D:7      | Found a transporter.
  7289 | D:7      | Found a transporter.
  7337 | D:7      | Found a one-way gate to the infinite horrors of the Abyss.
  7337 | D:7      | Noticed hikkokomori's ghost (novice OpCj)
  7349 | D:7      | Noticed a purple ugly thing
  7515 | D:7      | Reached skill level 10 in Maces & Flails
  7530 | D:7      | Reached XP level 10. HP: 46/61 MP: 10/10
  7537 | D:7      | Found the +5 robe of Night {Dark Will+ SInv}
  8003 | Abyss:1  | Cast into level 1 of the Abyss (orc warrior)
  8034 | Abyss:1  | Noticed a sun demon
  8035 | Abyss:1  | Noticed a sun demon
  8047 | Abyss:1  | Slain by a sun demon

Illustrated notes

Levels and vault maps discovered:
D:1:      tarquinn_simple_flora_water_a, layout_basic, nicolae_grassy_gnolls
D:2:      layout_rooms, shapermc_ecumenical_altar_venn, solitary_fountain,
          uniq_crazy_yiuf_cottage
D:3:      layout_basic
D:4:      layout_rooms, mainiacjoe_overflow_chevrons,
          lemuel_coloured_pillars_altar, serial_forest,
          infiniplex_forest_lined_corner, infiniplex_forest_zigzag_2,
          infiniplex_forest_lined_3_way, infiniplex_forest_lined_corner,
          infiniplex_forest_clump_double, infiniplex_forest_join,
          infiniplex_forest_straight_3, infiniplex_forest_straight_2,
          kennysheep_generic_room_15
D:5:      layout_loops_cross
D:6:      layout_basic, nicolae_qazlal_general_emergency,
          mainiacjoe_overflow_surrounded_room, marbit_many_paths,
          minmay_temple_entry_glass, nicolae_shop_overcharged_wands,
          uniq_grinder, uniq_duvessa, uniq_edmund
D:7:      layout_basic, gammafunk_ghost_abyssal_escape,
          hellmonk_guarded_unrand_night
Abyss:1:  base:
D:6

Skill      XL: |  1  2  3  4  5  6  7  8  9 10 |
---------------+-------------------------------+-----
Dodging        | 2 3 4 |  4.4
Maces & Flails | 4 5 6 8 10 | 10.5
Armour         | 3 4 5 6 7 |  7.1
Fighting       | 4 5 6 7 |  7.0
Stealth        | 1 2 3 |  3.0
Throwing       | |  0.2

Action                   |  1- 3 |  4- 6 |  7- 9 | 10-12 || total
-------------------------+-------+-------+-------+-------++-------
Melee: Mace              |    89 |   207 |   256 |    26 ||   578
       Punch             |       |     2 |     6 |       ||     8
Throw: Boomerang         |       |       |     2 |       ||     2
Invok: Berserk           |     1 |     1 |     4 |       ||     6
  Use: Scroll            |     1 |       |    10 |       ||    11
 Stab: Sleeping          |     1 |       |     2 |     1 ||     4
Armor: Animal skin       |    26 |     2 |       |       ||    28
       Leather armour    |       |    84 |    85 |    10 ||   179
Dodge: Dodged            |    66 |   120 |   130 |     9 ||   325
